 Dungeon Crawl Stone Soup version 0.30-a0-571-gdf30a72648 (webtiles) character file.

Game seed: 6541975104738652282

618 Newt the Chucker (level 7, -10/50 HPs)
             Began as a Demonspawn Gladiator on Dec 29, 2022.
             Mangled by an orc warrior
             ... wielding a +0 battleaxe
              (20 damage)
             ... on level 4 of the Dungeon.
             The game lasted 00:05:25 (3560 turns).

Newt the Chucker (Demonspawn Gladiator)             Turns: 3560, Time: 00:05:26

Health: -10/50     AC:  5    Str: 17    XL:     7   Next: 21%
Magic:  2/2        EV: 17    Int:  9    God:
Gold:   190        SH:  0    Dex: 14    Spells: 6/6 levels left

rFire   . . .      SeeInvis .    f - +2 war axe (antimagic)
rCold   . . .      Faith    .    (no shield)
rNeg    . . .      Spirit   .    b - +0 leather armour
rPois   .          Reflect  .    (helmet restricted)
rElec   .          Harm     .    (no cloak)
rCorr   .          Rampage  .    n - +1 pair of gloves
Will    .....                    (no boots)
Stlth   ++                       (no amulet)
HPRegen 0.28/turn                (no ring)
MPRegen 0.08/turn                (no ring)

@: agile
A: antennae 1, demonic guardian 1, powered by pain 2
a: no special abilities


You were on level 4 of the Dungeon.
You visited 1 branch of the dungeon, and saw 4 of its levels.

You collected 190 gold pieces.

Inventory:

Hand Weapons
 a - a +0 rapier
 f - a +2 antimagic war axe (weapon)
Missiles
 d - 3 throwing nets
 g - 12 stones (quivered)
 i - 4 boomerangs
 m - 5 poisoned darts
 s - 5 javelins
Armour
 b - a +0 leather armour (worn)
 c - a +0 helmet
 n - a +1 pair of gloves (worn)
Scrolls
 p - a scroll of noise {unknown}
 q - a scroll of magic mapping
 t - a scroll of fear {unknown}
 u - a scroll of teleportation
Potions
 e - a potion of mutation {unknown}
 h - a potion of berserk rage
 j - 3 potions of curing
 k - 2 potions of heal wounds {unknown}
 l - a potion of haste {unknown}
 o - a potion of degeneration {unknown}
 r - a potion of magic {unknown}


   Skills:
 - Level 2.0 Fighting
 - Level 2.6 Short Blades
 - Level 4.0 Axes
 - Level 5.0 Throwing
 + Level 2.2 Armour
 - Level 2.6 Dodging
 - Level 2.0 Stealth


You had 6 spell levels left.
You didn't know any spells.
Your spell library contained the following spells:

 Spells                   Type           Power      Damage    Failure   Level
 Magic Dart               Conj           0%         1d3       43%         1
 Searing Ray              Conj           0%         2d4       58%         2
 Fulminant Prism          Conj/Hex       0%         3d5       99%         4


Dungeon Overview and Level Annotations

Branches:
Dungeon (4/15)
 Temple: D:4-7

Altars:
Vehumet

Annotations:
D:4 2 transporters, olddryhag's ghost, amateur OpTm


Innate Abilities, Weirdness & Mutations

You have a pair of small antennae on your head.
A weak demonic guardian rushes to your aid.
You sometimes gain power by taking damage.


Message History

The orc warrior misses your quasit.
Your quasit bites the orc warrior.
Your quasit closely misses the orc warrior. x2
The adder barely misses you. The orc warrior closely misses you.
The orc warrior hits your quasit with a +0 battleaxe!
Unknown command.
You slash the adder!
The adder is severely wounded.
You hit the orc warrior.
Your quasit bites the orc warrior but does no damage.
Your quasit barely misses the orc warrior.
Your quasit closely misses the orc warrior.
The adder completely misses you. The orc warrior misses you.
The orc warrior misses your quasit.
Your quasit bites the orc warrior but does no damage.
Your quasit barely misses the orc warrior.
Your quasit claws the orc warrior but does no damage.
The adder bites you but does no damage.
Unknown command.
You hit the orc.
The orc is moderately wounded.
You closely miss the adder. You closely miss the orc warrior.
Your quasit bites the orc warrior but does no damage.
Your quasit barely misses the orc warrior.
Your quasit claws the orc warrior but does no damage.
The orc hits you but does no damage.
The orc warrior hits you with a +0 battleaxe!
* * * LOW HITPOINT WARNING * * *
The orc warrior completely misses your quasit.
The adder barely misses you. The orc completely misses you.
Your quasit bites the orc warrior but does no damage.
Your quasit claws the orc warrior but does no damage. x2
Unknown command.
You miss the adder.
The adder is severely wounded.
You hit the orc warrior but do no damage.
You slash the orc!
You kill the orc!
The adder closely misses you.
The orc warrior hits you with a +0 battleaxe!!
You die...

#............##.
#............##.
#............##.
##########+######....
#.............# ##...
#..?..........# ####
#.............# #..
**,#.†...#+#*** #..
*,,#@###...########..
#..o)S.##...#........
#.5#....#...#........
*#..#....#[...........
#..,##$..####.........
#.#,,*###w,,##........
#.*,,,,,*..,,#........
#,*,*,,,*,..,#.......#
*,*,*,,,**,,,......#..


You could see an orc warrior (ally target), an adder, a dart slug and a friendly
quasit (summoned).

Vanquished Creatures
  Eustachio (D:4)
  Edmund (D:4)
  A water moccasin (D:4)
  A necrophage (D:4)
  2 iguanas (D:4)
  3 gnolls (D:3)
  4 adders
  2 worms (D:4)
  3 dart slugs
  3 orcs
  6 endoplasms
  6 giant cockroaches
  10 goblins
  7 hobgoblins
  5 kobolds
  5 quokkas
  8 ball pythons
  4 bats
  7 frilled lizards
  3 rats
82 creatures vanquished.

Vanquished Creatures (collateral kills)
  An adder (D:4)
1 creature vanquished.

Grand Total: 83 creatures vanquished

Notes
Turn   | Place    | Note
-------+----------+-------------------------------------------
     0 | D:1      | Newt the Demonspawn Gladiator began the quest for the Orb.
     0 | D:1      | Reached XP level 1. HP: 16/16 MP: 1/1
    32 | D:1      | Reached skill level 1 in Stealth
    87 | D:1      | Gained mutation: You sometimes gain a little power by
                  | taking damage. [demonic ancestry]
    87 | D:1      | Reached XP level 2. HP: 19/22 MP: 2/2
   283 | D:1      | Reached skill level 2 in Throwing
   544 | D:1      | Reached XP level 3. HP: 27/27 MP: 3/3
  1040 | D:2      | Reached skill level 3 in Throwing
  1422 | D:3      | Gained mutation: A weak demonic guardian rushes to your
                  | aid. [demonic ancestry]
  1422 | D:3      | Reached XP level 4. HP: 29/33 MP: 1/4
  1689 | D:3      | Found a radiant altar of Vehumet.
  1729 | D:3      | Reached skill level 4 in Throwing
  2309 | D:4      | Noticed Edmund
  2318 | D:4      | Killed Edmund
  2319 | D:4      | Reached skill level 5 in Throwing
  2319 | D:4      | Reached XP level 5. HP: 38/38 MP: 1/5
  2490 | D:4      | Noticed a water moccasin
  2495 | D:4      | Reached skill level 1 in Axes
  2502 | D:4      | Killed a water moccasin
  2503 | D:4      | Gained mutation: You sometimes gain power by taking damage.
                  | [demonic ancestry]
  2503 | D:4      | Reached XP level 6. HP: 27/44 MP: 2/6
  3159 | D:4      | Noticed Eustachio
  3172 | D:4      | Killed Eustachio
  3173 | D:4      | Reached skill level 1 in Armour
  3173 | D:4      | Gained mutation: You have a pair of small antennae on your
                  | head. [demonic ancestry]
  3173 | D:4      | Reached XP level 7. HP: 26/50 MP: 0/7
  3473 | D:4      | Found a transporter.
  3475 | D:4      | Noticed olddryhag's ghost (amateur OpTm)
  3476 | D:4      | Found a transporter.
  3560 | D:4      | Mangled by an orc warrior

Illustrated notes

Levels and vault maps discovered:
D:1:      mainiacjoe_arrival_reflecting_pool, layout_loops_ring
D:2:      layout_loops_ring, minmay_misc_feat_diagonals
D:3:      layout_loops_ring, mainiacjoe_overflow_alcove_4
D:4:      cheibrodos_barr_body, layout_basic, gammafunk_ghost_mausoleum,
          minmay_bent, uniq_eustachio, uniq_edmund

Skill      XL: |  1  2  3  4  5  6  7 |
---------------+----------------------+-----
Stealth        | 1 2 |  2.0
Throwing       | 2 3 5 |  5.0
Axes           | 2 4 |  4.0
Armour         | 1 2 |  2.2
Fighting       | |  2.0
Short Blades   | |  2.6
Dodging        | |  2.6

Action                   |  1- 3 |  4- 6 |  7- 9 || total
-------------------------+-------+-------+-------++-------
Melee: Rapier            |    96 |       |       ||    96
       War axe           |    28 |    77 |    21 ||   126
       Punch             |     1 |       |       ||     1
Throw: Stone             |    12 |     3 |       ||    15
       Javelin           |     1 |    11 |       ||    12
       Dart              |       |     7 |       ||     7
       Boomerang         |       |     6 |       ||     6
  Use: Scroll            |     2 |     3 |       ||     5
       Potion            |     1 |     1 |       ||     2
 Stab: Sleeping          |     8 |     3 |       ||    11
Armor: Leather armour    |    51 |    25 |     6 ||    82
Dodge: Dodged            |    80 |    49 |    17 ||   146

Table legend: (Time is in decaauts)
 A = Elapsed time spent in this place.
 B = Non-inter-level travel time spent in this place.
 C = Inter-level travel time spent in this place.
 D = Time resting spent in this place.
 E = Time spent auto-exploring this place.
 F = Levels seen in this place.
 G = Mean time per level.
                   A        B        C        D        E       F      G
               +--------+--------+--------+--------+--------+-----+--------+
         Total |   3618 |   3549 |     69 |    775 |   2066 |   4 |  904.5 |
       Dungeon |   3618 |   3549 |     69 |    775 |   2066 |   4 |  904.5 |
               +--------+--------+--------+--------+--------+-----+--------+

Top non-repeatable levels by time:
     D:4: 1453 daAuts
     D:3: 859 daAuts
     D:2: 732 daAuts
     D:1: 572 daAuts
